 Dungeon Crawl Stone Soup version 0.20.1-1-g8b1a95d (webtiles) character file.

13 Nattfarinn the Vexing (level 2, 0/19 HPs)
             Began as a Vampire Enchanter on Aug 2, 2017.
             Slain by a hobgoblin
             ... wielding a cursed -1 club
              (3 damage)
             ... on level 1 of the Dungeon.
             The game lasted 00:01:38 (379 turns).

Nattfarinn the Vexing (Vampire Enchanter)            Turns: 379, Time: 00:01:38

Health: 0/19       AC:  2    Str:  7    XL:     2   Next: 24%
Magic:  1/5        EV: 12    Int: 17    God:
Gold:   16         SH:  0    Dex: 14    Spells: 2/5 levels left

rFire    + . .     SeeInvis +   a - +1 dagger
rCold    . . .     Gourm    .   (no shield)
rNeg     + . .     Faith    .   b - +0 robe
rPois    .         Spirit   .   (no helmet)
rElec    .         Reflect  .   (no cloak)
rCorr    .         Harm     .   (no gloves)
MR       .....                  (no boots)
Stlth    +++.......             (no amulet)
Regen    0.1/turn               h - ring of protection from fire
MPRegen  0.1/turn               (no ring)

@: no status effects
A: fangs 3, see invisible, unbreathing
a: no special abilities


You were on level 1 of the Dungeon.
You were not thirsty.

You visited 1 branch of the dungeon, and saw 1 of its levels.

You collected 16 gold pieces.

Inventory:

Hand Weapons
 a - a +1 dagger (weapon)
Armour
 b - a +0 robe (worn)
Jewellery
 h - a ring of protection from fire (left hand)
Scrolls
 f - a scroll of blinking {unknown}
 g - 2 scrolls of immolation {unknown}
Potions
 d - 3 potions of blood
 e - a potion of heal wounds {unknown}
Books
 c - a book of Maledictions

   Spells                             Type                      Level
   a - Corona                         Hexes                        1
   b - Ensorcelled Hibernation        Hexes/Ice                    2
   c - Confuse                        Hexes                        3
   d - Tukima's Dance                 Hexes                        3
   e - Dazzling Spray                 Conjuration/Hexes            3


   Skills:
 - Level 1.1 Short Blades
 - Level 2.1 Dodging
 + Level 4.6 Stealth
 - Level 2.0 Spellcasting
 * Level 5.3 Hexes


You had 2 spell levels left.
You knew the following spells:

 Your Spells              Type           Power        Failure   Level  Hunger
a - Corona                Hex            ###....      2%          1    #......
b - Ensorcelled Hibernat  Hex/Ice        ##....       10%         2    ###....


Dungeon Overview and Level Annotations

Branches:
Dungeon (1/15)

Altars:


Innate Abilities, Weirdness & Mutations

You have razor-sharp teeth.
You have supernaturally acute eyesight. (SInv)
You can survive without breathing.


Message History

You kill the jackal!
You closely miss the jackal. The jackal closely misses you.
You barely miss the jackal. You bite the jackal, but do no damage.
The jackal barely misses you.
You hit the jackal.
The jackal is lightly wounded.
The jackal completely misses you. The hobgoblin barely misses you.
The jackal barely misses you.
You hit the jackal but do no damage.
The jackal is lightly wounded.
The hobgoblin closely misses you. The jackal completely misses you.
You hit the hobgoblin but do no damage. The jackal bites you.
The hobgoblin closely misses you.
You hit the hobgoblin but do no damage. The jackal bites you.
* * * LOW HITPOINT WARNING * * *
The hobgoblin closely misses you. The jackal barely misses you.
You hit the hobgoblin but do no damage. The jackal bites you.
* * * LOW HITPOINT WARNING * * *
The hobgoblin hits you with a club.
You die...

.# .## # .. #. .#
#.#####.#
#.......###..####
#.....h.K......
#....#####..#
#..#..Kh@g..#
#....######.#
#........#
#.#.####.#
#....###.#
#..#.....#
#....##..#
#.#####..#########
#.. #...........


You could see a jackal, a hobgoblin and a kobold.

Vanquished Creatures
  An ooze (D:1)
  A ball python (D:1)
  A goblin (D:1)
  A hobgoblin (D:1)
  A jackal (D:1)
  A frilled lizard (D:1)
  A kobold (D:1)
  2 rats (D:1)
9 creatures vanquished.

Notes
Turn   | Place    | Note
-------+----------+-------------------------------------------
     0 | D:1      | Nattfarinn the Vampire Enchanter began the quest for the Orb.
     0 | D:1      | Reached XP level 1. HP: 13/13 MP: 3/3
    80 | D:1      | Reached skill level 5 in Hexes
    80 | D:1      | Reached XP level 2. HP: 8/19 MP: 3/5
   251 | D:1      | Learned a level 2 spell: Ensorcelled Hibernation
   379 | D:1      | Slain by a hobgoblin

Skill      XL: |  1 |
---------------+----+-----
Hexes          | 5 |  5.3
Short Blades   | |  1.1
Dodging        | |  2.1
Stealth        | |  4.6
Spellcasting   | |  2.0

Action                   || total
-------------------------++-------
Melee: Dagger            ||    44
       Bite              ||     5
 Cast: Corona            ||     3
       Ensorcelled Hiber ||     3
 Stab: Sleeping          ||     1
Armor: Robe              ||     4
Dodge: Dodged            ||    41
